 Dungeon Crawl Stone Soup version 0.32-a0-918-g0f22ef8d61 (webtiles) character file.

Game seed: 6325732420958957916

339285 shadizar the Cloud Mage (level 23, -7/171 HPs)
             Began as a Djinni Conjurer on Apr 10, 2024.
             Was the Champion of Makhleb.
             Mangled by a stone giant (33 damage)
             ... on level 5 of the Vaults.
             The game lasted 01:37:41 (50365 turns).

shadizar the Cloud Mage (Djinni Conjurer)          Turns: 50365, Time: 01:37:42

Health: -7/171     AC: 19    Str: 16    XL:     23   Next: 32%
Gold:   3755       EV: 19    Int: 39    God:    Makhleb [******] SH: 21 Dex: 21

rFire   + + +        T - staff "Tialal" {rC++ rN+ Earth}
rCold   + + +        g - +0 tower shield
rNeg    + . .        s - +4 ring mail "Mureabopt" {rElec rC+ Dex+5}
rPois   ∞            K - +3 hat of Pondering {ponderous, Will+ MP+10 Int+5}
rElec   +            L - +2 cloak {rCorr}
rCorr   +            V - +0 pair of gloves
SInv    .            (boots unavailable)
Will    +++..        j - amulet of Curiosity {rF++ Regen+ Str+4 Dex+2}
Stlth   +++          D - ring of Liegg {rF+ rCorr Str+6 Slay+3}
HPRegen 1.28/turn    Q - ring of Uskayaw's Grace {Fly rElec rC+ Int+5}

%: infuse magic (-8 HP)
@: flying, studying 2 skills, slow
A: sickness immunity, fire resistance 2, cold vulnerability 1, float, innate
caster, HP casting, extra vitality 1
}: 1/15 runes: gossamer
a: Renounce Religion, Minor Destruction, Lesser Servant of Makhleb, Major
Destruction, Greater Servant of Makhleb


You were on level 5 of the Vaults.
You worshipped Makhleb.
Makhleb was exalted by your worship.
You visited 7 branches of the dungeon, and saw 34 of its levels.
You also visited: Ossuary, Gauntlet, Ice Cave and Volcano.

You collected 5112 gold pieces.
You spent 1357 gold pieces at shops.

Inventory:

Armour
 g - a +0 tower shield (worn)
 s - the +4 ring mail "Mureabopt" (worn) {rElec rC+ Dex+5}
   (You found it on level 3 of the Elven Halls)

   Dex+5:     It affects your dexterity (+5).
   rC+:       It protects you from cold.
   rElec:     It insulates you from electricity.
 J - +2 ice dragon scales
 K - the +3 hat of Pondering (worn) {ponderous, Will+ MP+10 Int+5}
   (You bought it in a shop on level 2 of the Orcish Mines)

   Int+5:     It affects your intelligence (+5).
   Will+:     It increases your willpower.
   MP+10:     It affects your magic capacity (+10).
 L - a +2 cloak of preservation (worn)
 N - the +2 helmet of Temperance {rElec Slay+3 Stlth+}
   (You found it in a Gauntlet)

   Slay+3:    It affects your accuracy & damage with ranged weapons and melee
   (+3).
   rElec:     It insulates you from electricity.
   Stlth+:    It makes you more stealthy.
 V - a +0 pair of gloves (worn)
 Y - the +1 helmet "Dagris" {rCorr Int+3 SInv}
   (You found it on level 5 of the Lair of Beasts)

   Int+3:     It affects your intelligence (+3).
   SInv:      It lets you see invisible.
   rCorr:     It protects you from acid and corrosion.
Magical Staves
 a - the staff "Cet Seunk" {rC+ Conj Tloc Earth}
   (You found it on level 3 of the Elven Halls)

   [staff of earth]

   Base accuracy: +5 Base damage: 5 Base attack delay: 1.2 This weapon's minimum
   attack delay (0.6) is reached at skill level 12.
   rC+:       It protects you from cold.
   Conj:      It increases the power of your Conjurations spells.
   Tloc:      It increases the power of your Translocations spells.
   Earth:     It increases the power of your Earth spells.
   It falls into the 'Staves' category.
   It is a one-handed weapon.
 T - the staff "Tialal" (weapon) {rC++ rN+ Earth}
   (You took it off a minotaur in a Gauntlet)

   [staff of earth]

   Base accuracy: +5 Base damage: 5 Base attack delay: 1.2 This weapon's minimum
   attack delay (0.6) is reached at skill level 12.
   rC++:      It greatly protects you from cold.
   rN+:       It protects you from negative energy.
   Earth:     It increases the power of your Earth spells.
   It falls into the 'Staves' category.
   It is a one-handed weapon.
Jewellery
 e - a ring of ice
 j - the amulet of Curiosity (around neck) {rF++ Regen+ Str+4 Dex+2}
   (You found it on level 3 of the Elven Halls)

   [amulet of regeneration]

   Str+4:     It affects your strength (+4).
   Dex+2:     It affects your dexterity (+2).
   rF++:      It greatly protects you from fire.
   Regen+:    It increases your rate of health regeneration.
 n - the ring of Altruism {rC+ Will+ Slay+4 Stlth+}
   (You found it on level 4 of the Vaults)

   [ring of slaying]

   Slay+4:    It affects your accuracy & damage with ranged weapons and melee
   (+4).
   rC+:       It protects you from cold.
   Will+:     It increases your willpower.
   Stlth+:    It makes you more stealthy.
 v - a +6 ring of intelligence
 D - the ring of Liegg (left hand) {rF+ rCorr Str+6 Slay+3}
   (You found it on level 7 of the Dungeon)

   [ring of strength]

   Str+6:     It affects your strength (+6).
   Slay+3:    It affects your accuracy & damage with ranged weapons and melee
   (+3).
   rF+:       It protects you from fire.
   rCorr:     It protects you from acid and corrosion.
 Q - the ring of Uskayaw's Grace (right hand) {Fly rElec rC+ Int+5}
   (You took it off a deep elf sorcerer on level 3 of the Elven Halls)

   [ring of flight]

   Int+5:     It affects your intelligence (+5).
   rC+:       It protects you from cold.
   rElec:     It insulates you from electricity.
   Fly:       It grants you flight.
Wands
 f - a wand of polymorph (11)
 p - a wand of flame (52)
 t - a wand of digging (8)
 A - a wand of charming (58)
 C - a wand of acid (27)
 M - a wand of iceblast (34)
 W - a wand of mindburst (44)
Scrolls
 c - 2 scrolls of blinking
 d - 10 scrolls of teleportation
 h - 4 scrolls of revelation
 l - 2 scrolls of fear
 m - 10 scrolls of poison
 o - 5 scrolls of enchant weapon
 F - a scroll of brand weapon
 I - 2 scrolls of summoning
 O - 4 scrolls of enchant armour
Potions
 b - 8 potions of curing
 i - 4 potions of haste
 k - 6 potions of enlightenment
 r - 5 potions of ambrosia
 w - 3 potions of heal wounds
 z - a potion of resistance
 B - 3 potions of might
 H - 3 potions of berserk rage
 P - a potion of cancellation
 R - 2 potions of brilliance
 X - 3 potions of invisibility


   Skills:
 + Level 16.7 Fighting
 + Level 11.3 Armour
 + Level 16.1 Dodging
 + Level 5.9 Stealth
 + Level 16.4 Shields
 * Level 21.0 Spellcasting
 * Level 21.0 Conjurations
 * Level 21.0 Hexes
   Level 0.0 Charms
 * Level 21.0 Summonings
 * Level 21.0 Necromancy
 * Level 21.0 Translocations
   Level 0.0 Transmutations
 * Level 21.0 Fire Magic
 * Level 21.0 Ice Magic
 * Level 22.5 Air Magic
 * Level 21.0 Earth Magic
 * Level 21.0 Alchemy


You knew the following spells:

 Your Spells              Type           Power      Damage    Failure   Level
a - Magic Dart            Conj           100%       1d8       0%          1
b - Searing Ray           Conj           100%       2d8       0%          2
c - Fulminant Prism       Conj/Alch      58%        3d24      0%          4
d - Iskenderun's Mystic   Conj/Tloc      100%       2d19      (+2d10%     4
e - Necrotise             Necr           100%       1d9       0%          1
f - Mercury Vapours       Alch/Air       100%       N/A       0%          2
g - Ensorcelled Hibernat  Hex/Ice        100%       N/A       0%          2
h - Frozen Ramparts       Ice            100%       1d16      0%          3
i - Summon Mana Viper     Hex/Summ       100%       N/A       0%          5
j - Irradiate             Conj/Alch      58%        3d31      0%          5
k - Sculpt Simulacrum     Ice/Alch       58%        N/A       1%          6
l - Death Channel         Necr           58%        N/A       1%          6
m - Summon Cactus Giant   Summ           58%        N/A       1%          6
n - Infestation           Necr           58%        N/A       3%          8
o - Malign Gateway        Summ/Tloc      58%        N/A       1%          7
Your spell library was empty.

Dungeon Overview and Level Annotations

Branches:
Dungeon (14/15)            Temple (1/1) D:4            Lair (5/5) D:11
  Swamp (0/4) Lair:2       Spider (4/4) Lair:2        Slime (0/5) Lair:5
    Orc (2/2) D:12            Elf (3/3) Orc:2        Vaults (5/5) D:14
  Crypt (0/3) Vaults:3    Ossuary (visited)           IceCv (visited)
Volcano (visited)         Gauntlet (visited)

Altars:
Ashenzari
Cheibriados
Dithmenos
Elyvilon
Fedhas
Gozag
Hepliaklqana
Makhleb
Nemelex Xobeh
Okawaru
Qazlal
Ru
Trog
Uskayaw
Wu Jian
Xom
Yredelemnul
Zin
The Shining One
Beogh
Jiyva
Lugonu

Shops:
Orc:2 [(*:   Elf:1 *   Vaults:1 *   Vaults:2 [

Portals:
Trove: Elf:2 (give +3 fire dragon scales)


Innate Abilities, Weirdness & Mutations

You are immune to sickness and miasma.
You are immune to poison.
Your flesh is very heat resistant. (rF++)
You are vulnerable to cold. (rC-)
You float through the air rather than walking.
You learn spells naturally, not from books.
Your magical power is your life essence.
You have superior vitality. (+4 MHP)


Message History

Something closely misses you.
Unknown command.
Unknown command.
Unknown command.
Unknown command.
Unknown command.
Unknown command.
Unknown command.
Unknown command.
Unknown command.
Unknown command.
Unknown command.
Casting: Iskenderun's Mystic Blast (safe; 0% risk of failure)
Confirm with . or Enter, or press ? or * to list all spells.
You erupt in a blast of force!
The mystic blast hits the fire giant!
The fire giant is moderately wounded.
The mystic blast hits the stone giant but does no damage.
The stone giant is lightly wounded.
The mystic blast hits something!
Something collides with the fire giant.
The fire giant is heavily wounded.
* * * LOW HITPOINT WARNING * * *
You block the stone giant's attack.
You hear some strange, mumbled words.
A bolt of cold appears from out of thin air!
The bolt of cold hits you! You resist.
* * * LOW HITPOINT WARNING * * *
Unknown command.
Unknown command.
Unknown command.
Unknown command.
Unknown command.
Unknown command.
Unknown command.
Unknown command.
Unknown command.
Unknown command.
Unknown command.
Unknown command.
You feel much better. Something barely misses you. The stone giant hits you!!
You die...

###########################
.───w....).....C)..........
*..V[....†)...C{@..........
..#######################c.
T.... #..... #...C..
#..##'# #..# !. #u #


You could see a fire giant and a stone giant.

Vanquished Creatures
  Frederick (Vaults:5)
  Saint Roka (Orc:2)
  Jory (Vaults:3)
  Arachne (Spider:3)
  2 deep elf blademasters (Elf:3)
  2 deep elf master archers (Elf:3)
  Rupert (Orc:2)
  2 titans (Vaults:5)
  5 sphinxes
  A quicksilver dragon (Vaults:5)
  2 tengu reavers
  A frost giant (Vaults:3)
  An emperor scorpion (Spider:4)
  5 ghost moths
  7 deep elf sorcerers
  4 deep elf elementalists (Elf:3)
  8 orc warlords
  4 vault wardens
  14 ironbound preservers
  4 broodmothers
  4 formless jellyfish
  A very ugly thing (Vaults:5)
  9 ironbound thunderhulks
  7 deep elf death magi (Elf:3)
  3 deep elf annihilators (Elf:3)
  6 deep elf demonologists (Elf:3)
  A minotaur (Gauntlet)
  Azrael (Elf:2)
  15 dire elephants
  3 spark wasps
  3 war gargoyles
  Snorg (Lair:5)
  3 deep elf high priests (Elf:3)
  Josephine (D:11)
  6 entropy weavers
  7 great orbs of eyes
  4 yaktaur captains
  5 peacekeepers
  A crystal guardian (Vaults:3)
  6 hydras
  32 vault guards
  5 ironbound frosthearts
  2 ogre magi
  8 centaur warriors
  A catoblepas (D:13)
  13 two-headed ogres
  5 boulder beetles
  33 dancing weapons
  6 radroaches
  6 death yaks
  2 tengu warriors
  6 demonic crawlers
  A deep troll earth mage (Vaults:5)
  10 orc high priests
  Amaemon (Lair:3)
  16 deep elf knights
  A skyshark (Lair:4)
  A goliath frog (Lair:5)
  7 pharaoh ants
  52 deep trolls
  4 skeletal warriors (D:11)
  4 sun moths
  10 orb spiders
  A glowing orange brain (Vaults:2)
  7 deep elf archers
  4 necromancers
  9 arcanists
  27 orc knights
  8 lindwurms
  14 deep elf zephyrmancers
  A phantasmal warrior (Vaults:5)
  9 ironbound convokers
  21 ugly things
  15 deep elf pyromancers
  11 harpies
  4 steelbarb worms
  22 wolf spiders
  10 orc sorcerers
  3 salamanders (Volcano)
  Maurice (D:11)
  7 cyclopes
  A stone giant zombie (Vaults:1)
  3 manticores
  Joseph (D:9)
  2 moths of wrath (shapeshifter)
  A meliai (shapeshifter) (Vaults:5)
  6 kobold blastminers (Orc:2)
  11 meliai
  10 elephants
  3 black mambas
  6 molten gargoyles (Volcano)
  19 cane toads
  A black mamba (shapeshifter) (D:13)
  3 ice statues (IceCv)
  3 torpor snails
  3 gargoyles
  16 vault sentinels
  An orange demon (Lair:3)
  A kobold demonologist (D:10)
  A minotaur zombie (Gauntlet)
  A rime drake (Lair:4)
  An efreet (Volcano)
  14 yaktaurs
  A yaktaur zombie (Vaults:1)
  Maggie (Lair:1)
  A tengu conjurer (D:9)
  11 komodo dragons
  12 trolls
  4 tyrant leeches (Lair:5)
  4 polar bears
  Grinder (D:6)
  An ettin zombie (Vaults:1)
  36 jumping spiders
  23 tarantellas
  7 dream sheep (Lair:3)
  A hornet (D:10)
  25 blink frogs
  27 slime creatures
  25 culicivoras
  2 shadows
  3 vampires
  43 yaks
  4 air elementals
  8 wraiths
  8 wyverns
  3 water elementals
  Sigmund (D:5)
  2 dire elephant simulacra (IceCv)
  3 fire elementals
  2 death yak simulacra (IceCv)
  16 vampire mosquitoes
  18 wargs
  6 basilisks
  4 steam dragons
  55 redbacks
  2 swamp worms (Lair:2)
  A harpy simulacrum (IceCv)
  2 acid dragons
  15 water moccasins
  An ice beast (D:9)
  A water moccasin (shapeshifter) (D:13)
  6 hell hounds (Elf:2)
  3 black bears
  A sky beast (D:7)
  69 orc warriors
  14 wolves
  5 boggarts (Vaults:2)
  9 centaurs
  13 ogres
  5 kobold brigands
  4 elf zombies (Ossuary)
  22 bullfrogs
  4 gnoll sergeants
  A scorpion (D:4)
  3 earth elementals
  A cane toad simulacrum (IceCv)
  20 wights
  10 killer bees
  7 howler monkeys
  12 electric eels
  2 hounds (D:6)
  10 jellies
  3 gnoll boudas
  A hound (shapeshifter) (D:13)
  4 centaur zombies (Ossuary)
  38 orc priests
  A sleepcap (D:6)
  4 iguanas
  27 orc wizards
  4 hell rats (Lair:5)
  A polar bear simulacrum (IceCv)
  A wolf simulacrum (IceCv)
  3 centaur simulacra
  5 hound zombies (Ossuary)
  2 mummies (Ossuary)
  16 gnolls
  9 adders
  A white imp (D:9)
  An ufetubus (D:9)
  4 adder zombies (Ossuary)
  2 dart slugs
  2 ribbon worms (D:2)
  134 orcs
  6 ball pythons
  4 bats
  6 endoplasms
  A giant cockroach (D:2)
  2 gnoll zombies (Ossuary)
  5 goblins
  4 hobgoblins
  3 jackals (D:2)
  2 quokkas (D:1)
  9 frilled lizards
  5 jackal zombies (Ossuary)
  16 kobolds
  7 kobold zombies (Ossuary)
  5 orc zombies (Ossuary)
  5 rats (D:2)
  2 fulminant prisms
1608 creatures vanquished.

Vanquished Creatures (collateral kills)
  A deep elf death mage (Vaults:5)
  3 vault guards (Vaults:5)
  2 yaktaurs (Vaults:2)
6 creatures vanquished.

Vanquished Creatures (others)
  A ghost moth (Spider:4)
  A steelbarb worm (Spider:3)
  191 fulminant prisms
193 creatures vanquished.

Grand Total: 1807 creatures vanquished

Notes
Turn   | Place    | Note
-------+----------+-------------------------------------------
     0 | D:1      | shadizar the Djinni Conjurer began the quest for the Orb.
     0 | D:1      | shadizar set off with the following spells memorised: Magic
                  | Dart, Searing Ray, Fulminant Prism, Iskenderun's Mystic
                  | Blast.
     0 | D:1      | Reached XP level 1. HP: 15/15 MP: 0/0
   101 | D:1      | Reached XP level 2. HP: 12/21 MP: 0/0
   251 | D:1      | Reached skill level 4 in Air Magic
   352 | D:1      | Reached XP level 3. HP: 23/25 MP: 0/0
   352 | D:1      | Learned a level 1 spell: Necrotise
   610 | D:2      | Reached XP level 4. HP: 21/31 MP: 0/0
  1379 | D:3      | Reached skill level 5 in Spellcasting
  1379 | D:3      | Reached skill level 5 in Conjurations
  1379 | D:3      | Reached skill level 5 in Hexes
  1379 | D:3      | Reached skill level 5 in Summonings
  1379 | D:3      | Reached skill level 5 in Necromancy
  1379 | D:3      | Reached skill level 5 in Translocations
  1379 | D:3      | Reached skill level 5 in Fire Magic
  1379 | D:3      | Reached skill level 5 in Ice Magic
  1379 | D:3      | Reached skill level 5 in Air Magic
  1379 | D:3      | Reached skill level 5 in Earth Magic
  1379 | D:3      | Reached skill level 5 in Alchemy
  1379 | D:3      | Reached XP level 5. HP: 27/35 MP: 0/0
  1379 | D:3      | Learned a level 2 spell: Mercury Vapours
  1803 | D:4      | Noticed an ogre
  1810 | D:4      | Killed an ogre
  1811 | D:4      | Reached XP level 6. HP: 29/40 MP: 0/0
  1893 | D:4      | Reached skill level 6 in Air Magic
  1912 | D:4      | Noticed an ogre
  1924 | D:4      | Killed an ogre
  1925 | D:4      | Reached XP level 7. HP: 28/45 MP: 0/0
  1925 | D:4      | Learned a level 2 spell: Ensorcelled Hibernation
  1947 | D:4      | Found a staircase to the Ecumenical Temple.
  2224 | D:4      | Found a sand-covered staircase.
  2230 | Ossuary  | Entered an ossuary
  2358 | Ossuary  | Reached skill level 7 in Air Magic
  2781 | Ossuary  | Reached XP level 8. HP: 21/50 MP: 0/0
  3134 | Ossuary  | Reached skill level 8 in Air Magic
  3725 | D:5      | Entered Level 5 of the Dungeon
  3781 | D:5      | Noticed Sigmund
  3787 | D:5      | Killed Sigmund
  3924 | Temple   | Entered the Ecumenical Temple
  3924 | Temple   | Noticed a red devil
  3924 | Temple   | Noticed a shadow demon
  3924 | Temple   | Noticed a blizzard demon
  3924 | Temple   | Noticed a rust devil
  3925 | Temple   | Noticed Qutejast the pandemonium lord
  3925 | Temple   | Noticed a cacodemon
  3925 | Temple   | Noticed a cacodemon
  3925 | Temple   | Noticed Xaded the pandemonium lord
  3926 | Temple   | Noticed a blizzard demon
  3943 | Temple   | Became a worshipper of Makhleb the Destroyer
  3961 | Temple   | Noticed Wugell the pandemonium lord
  3962 | Temple   | Noticed Mublupucw the pandemonium lord
  3980 | Temple   | Noticed a hell beast
  3981 | Temple   | Noticed a hell beast
  3982 | Temple   | Noticed Rihogay the pandemonium lord
  3982 | Temple   | Noticed an orange demon
  3983 | Temple   | Noticed a hellwing
  4002 | Temple   | Noticed Joliepacs the pandemonium lord
  4002 | Temple   | Noticed a rust devil
  4004 | Temple   | Noticed a hellwing
  4165 | D:6      | Reached skill level 1 in Fighting
  4165 | D:6      | Reached skill level 1 in Armour
  4165 | D:6      | Reached skill level 1 in Shields
  4295 | D:6      | Reached XP level 9. HP: 44/57 MP: 0/0
  4295 | D:6      | Learned a level 3 spell: Frozen Ramparts
  4391 | D:6      | Noticed Grinder
  4402 | D:6      | Killed Grinder
  5792 | D:6      | Found a sparkling altar of Nemelex Xobeh.
  5792 | D:6      | Found a bloodstained altar of Trog.
  5798 | D:6      | Found a glowing silver altar of Zin.
  5800 | D:6      | Found a glowing golden altar of the Shining One.
  5969 | D:6      | Found a shadowy altar of Dithmenos.
  5970 | D:6      | Found a hazy altar of Hepliaklqana.
  6068 | D:7      | Reached * piety under Makhleb
  6071 | D:7      | Reached skill level 9 in Air Magic
  6374 | D:7      | Reached XP level 10. HP: 56/67 MP: 0/0
  6631 | D:7      | Reached skill level 5 in Dodging
  6826 | D:7      | Identified the ring of Liegg {rF+ rCorr Str+6 Slay+3}
  7272 | D:8      | Reached ** piety under Makhleb
  7929 | D:8      | Noticed a two-headed ogre
  7938 | D:8      | Killed a two-headed ogre
  8015 | D:8      | Noticed a purple ugly thing
  8024 | D:8      | Killed a purple ugly thing
  8074 | D:8      | Noticed a cyclops
  8079 | D:8      | Killed a cyclops
  8080 | D:8      | Reached XP level 11. HP: 48/74 MP: 0/0
  8080 | D:8      | Learned a level 5 spell: Summon Mana Viper
  8113 | D:8      | Noticed a cyclops
  8121 | D:8      | Killed a cyclops
  8226 | D:8      | Reached skill level 5 in Fighting
  8226 | D:8      | Reached skill level 5 in Armour
  8226 | D:8      | Reached skill level 5 in Shields
  8294 | D:8      | Noticed a seven-headed hydra
  8302 | D:8      | Killed a seven-headed hydra
  8522 | D:8      | Reached skill level 10 in Spellcasting
  8522 | D:8      | Reached skill level 10 in Conjurations
  8522 | D:8      | Reached skill level 10 in Hexes
  8522 | D:8      | Reached skill level 10 in Summonings
  8522 | D:8      | Reached skill level 10 in Necromancy
  8522 | D:8      | Reached skill level 10 in Translocations
  8522 | D:8      | Reached skill level 10 in Fire Magic
  8522 | D:8      | Reached skill level 10 in Ice Magic
  8522 | D:8      | Reached skill level 10 in Air Magic
  8522 | D:8      | Reached skill level 10 in Earth Magic
  8522 | D:8      | Reached skill level 10 in Alchemy
  8529 | D:8      | Found a roughly hewn altar of Beogh.
  8529 | D:8      | Found the +7 staff of the Meek {protect, meekguard}
  9190 | D:9      | Noticed a two-headed ogre
  9197 | D:9      | Reached *** piety under Makhleb
  9201 | D:9      | Killed a two-headed ogre
  9423 | D:9      | Noticed Joseph
  9433 | D:9      | Killed Joseph
  9764 | D:9      | Noticed a two-headed ogre
  9768 | D:9      | Noticed a two-headed ogre
  9779 | D:9      | Killed a two-headed ogre
  9780 | D:9      | Reached XP level 12. HP: 27/83 MP: 0/0
  9787 | D:9      | Killed a two-headed ogre
 10110 | D:9      | Noticed a two-headed ogre
 10116 | D:9      | Killed a two-headed ogre
 10775 | D:9      | Noticed a two-headed ogre
 10785 | D:9      | Killed a two-headed ogre
 10786 | D:9      | Reached skill level 11 in Air Magic
 11391 | D:9      | Noticed a tengu warrior
 11402 | D:9      | Killed a tengu warrior
 11500 | D:9      | Identified the +4 hand axe of Greed {elec, rF- rN++ Will+
                  | Dex+2}
 11539 | D:10     | Entered Level 10 of the Dungeon
 11824 | D:10     | Reached **** piety under Makhleb
 12450 | D:10     | Noticed a two-headed ogre
 12484 | D:10     | Killed a two-headed ogre
 12485 | D:10     | Reached XP level 13. HP: 73/90 MP: 0/0
 12485 | D:10     | Learned a level 5 spell: Irradiate
 12988 | D:10     | Reached skill level 12 in Air Magic
 13243 | D:11     | Noticed Josephine
 13251 | D:11     | Killed Josephine
 13310 | D:11     | Noticed Maurice
 13479 | D:11     | Killed Maurice
 14072 | D:11     | Found a staircase to the Lair.
 14113 | D:11     | Reached ***** piety under Makhleb
 14122 | D:11     | Reached skill level 13 in Air Magic
 14540 | Lair:1   | Entered Level 1 of the Lair of Beasts
 14540 | Lair:1   | Noticed Maggie
 14550 | Lair:1   | Killed Maggie
 14692 | Lair:1   | Identified the +0 cloak "Unawnij" {rCorr Int-2 Slay+6
                  | Stlth+}
 14998 | Lair:1   | Reached XP level 14. HP: 97/102 MP: 0/0
 16242 | Lair:2   | Found a hole to the Spider Nest.
 16326 | Lair:2   | Reached skill level 10 in Fighting
 16656 | Lair:2   | Found a staircase to the Swamp.
 16935 | Lair:2   | Reached skill level 14 in Air Magic
 17400 | Lair:3   | Noticed Amaemon
 17410 | Lair:3   | Killed Amaemon
 17888 | Lair:3   | Reached ****** piety under Makhleb
 18827 | Lair:4   | Found a hazy altar of Hepliaklqana.
 19719 | Lair:5   | Entered Level 5 of the Lair of Beasts
 19726 | Lair:5   | Reached XP level 15. HP: 93/111 MP: 0/0
 19726 | Lair:5   | Learned a level 6 spell: Sculpt Simulacrum
 19729 | Lair:5   | Reached skill level 15 in Spellcasting
 19729 | Lair:5   | Reached skill level 15 in Conjurations
 19729 | Lair:5   | Reached skill level 15 in Hexes
 19729 | Lair:5   | Reached skill level 15 in Summonings
 19729 | Lair:5   | Reached skill level 15 in Necromancy
 19729 | Lair:5   | Reached skill level 15 in Translocations
 19729 | Lair:5   | Reached skill level 15 in Fire Magic
 19729 | Lair:5   | Reached skill level 15 in Ice Magic
 19729 | Lair:5   | Reached skill level 15 in Air Magic
 19729 | Lair:5   | Reached skill level 15 in Earth Magic
 19729 | Lair:5   | Reached skill level 15 in Alchemy
 20414 | Lair:5   | Found a viscous altar of Jiyva.
 20442 | Lair:5   | Noticed Snorg
 20451 | Lair:5   | Killed Snorg
 20601 | Lair:5   | Found a staircase to the Slime Pits.
 20866 | Lair:5   | Identified the +1 helmet "Dagris" {rCorr Int+3 SInv}
 20867 | Lair:5   | Identified the +5 rapier of Amorality {flame, rElec Int+5
                  | Dex-3}
 20868 | Lair:5   | Identified the +5 scimitar "Noxizez" {venom, rPois rN+
                  | Int+3}
 21383 | D:12     | Found a frozen archway.
 21397 | IceCv    | Entered an ice cave
 21983 | IceCv    | Reached skill level 16 in Air Magic
 22112 | D:12     | Found a staircase to the Orcish Mines.
 22984 | D:13     | Found a gate leading to a gauntlet.
 22993 | Gauntlet | Entered a Gauntlet
 22993 | Gauntlet | Found a transporter.
 22993 | Gauntlet | Found a transporter.
 23006 | Gauntlet | Found a transporter.
 23009 | Gauntlet | Found a transporter.
 23023 | Gauntlet | Found a transporter.
 23027 | Gauntlet | Found a transporter.
 23032 | Gauntlet | Noticed a quicksilver ooze
 23036 | Gauntlet | Found the +3 pair of seven-league boots {Rampage+∞}
 23039 | Gauntlet | Found a transporter.
 23056 | Gauntlet | Found a transporter.
 23071 | Gauntlet | Found a transporter.
 23075 | Gauntlet | Found a transporter.
 23092 | Gauntlet | Found a transporter.
 23093 | Gauntlet | Found a transporter.
 23138 | Gauntlet | Identified the +2 helmet of Temperance {rElec Slay+3
                  | Stlth+}
 23267 | Gauntlet | Reached XP level 16. HP: 104/120 MP: 0/0
 23307 | Gauntlet | Identified the staff "Tialal" {rC++ rN+ Earth}
 25567 | D:14     | Found a gate to the Vaults.
 25753 | D:14     | Reached skill level 5 in Stealth
 27284 | Spider:1 | Entered Level 1 of the Spider Nest
 28047 | Spider:1 | Reached skill level 17 in Air Magic
 28622 | Spider:2 | Reached XP level 17. HP: 103/127 MP: 0/0
 28622 | Spider:2 | Learned a level 6 spell: Death Channel
 29368 | Spider:2 | Reached skill level 10 in Dodging
 30850 | Spider:3 | Noticed Arachne
 30862 | Spider:3 | Killed Arachne
 31530 | Spider:4 | Entered Level 4 of the Spider Nest
 31631 | Spider:4 | Reached skill level 10 in Shields
 32210 | Spider:4 | Reached skill level 18 in Air Magic
 32240 | Spider:4 | Reached XP level 18. HP: 105/132 MP: 0/0
 33453 | Spider:4 | Got a gossamer rune of Zot
 33782 | Orc:1    | Entered Level 1 of the Orcish Mines
 33800 | Orc:2    | Entered Level 2 of the Orcish Mines
 33822 | Orc:2    | Noticed Rupert
 33829 | Orc:2    | Killed Rupert
 33851 | Orc:2    | Found a staircase to the Elven Halls.
 33904 | Orc:1    | Found a dark tunnel.
 33909 | Volcano  | Entered a volcano
 34096 | Volcano  | Noticed an orb of fire
 34336 | Volcano  | Noticed an orb of fire
 35587 | Orc:2    | Found a roughly hewn altar of Beogh.
 35728 | Orc:2    | Reached XP level 19. HP: 57/138 MP: 0/0
 35728 | Orc:2    | Learned a level 6 spell: Summon Cactus Giant
 36011 | Orc:2    | Found Hodaq's Antique Armour Boutique.
 36484 | Orc:2    | Found Aryn's Antique Weapon Shop.
 36492 | Orc:2    | Bought a polished robe for 176 gold pieces
 36492 | Orc:2    | Identified the +0 robe of Negligence {Str+3} (You bought it
                  | in a shop on level 2 of the Orcish Mines)
 36495 | Orc:2    | Bought the +3 hat of Pondering {ponderous, Will+ MP+10
                  | Int+5} for 1181 gold pieces
 36495 | Orc:2    | Found the +3 hat of Pondering {ponderous, Will+ MP+10
                  | Int+5}
 36784 | Orc:2    | Noticed Saint Roka
 36809 | Orc:2    | Killed Saint Roka
 36810 | Orc:2    | Reached skill level 19 in Air Magic
 37164 | Orc:2    | Found Diroecoub's Assorted Antiques.
 37164 | Orc:2    | Found Luzaanicw's Book Shop.
 37628 | Orc:1    | Found a roughly hewn altar of Beogh.
 38025 | Elf:1    | Entered Level 1 of the Elven Halls
 38764 | Elf:1    | Paralysed by an air elemental for 1 turns
 38939 | Elf:1    | Found Vemaoc Syape's Assorted Antiques.
 39617 | Elf:1    | Found a roughly hewn altar of Beogh.
 39720 | Elf:1    | Found a corrupted altar of Lugonu.
 39961 | Elf:2    | Found a portal to a secret trove of treasure.
 39986 | Elf:2    | Noticed Azrael
 40004 | Elf:2    | Killed Azrael
 40524 | Elf:2    | Paralysed by an air elemental for 1 turns
 40906 | Elf:2    | Found a runed translucent gate.
 40907 | Elf:2    | Found a runed translucent gate.
 40907 | Elf:2    | Found a runed translucent gate.
 41001 | Elf:2    | Paralysed by an air elemental for 1 turns
 41003 | Elf:2    | Paralysed by an air elemental for 1 turns
 41214 | Elf:2    | Reached XP level 20. HP: 113/148 MP: 0/0
 41758 | Elf:2    | Reached skill level 10 in Armour
 42363 | Elf:3    | Entered Level 3 of the Elven Halls
 42481 | Elf:3    | Paralysed by an air elemental for 1 turns
 43328 | Elf:3    | Reached skill level 15 in Fighting
 43455 | Elf:3    | Identified the +10 quarterstaff "Okhless" {freeze, Fly rN+
                  | Stlth+}
 43455 | Elf:3    | Identified the ring of Uskayaw's Grace {Fly rElec rC+
                  | Int+5}
 43666 | Elf:3    | Identified the staff "Cet Seunk" {rC+ Conj Tloc Earth}
 43672 | Elf:3    | Identified the amulet of Curiosity {rF++ Regen+ Str+4
                  | Dex+2}
 43692 | Elf:3    | Identified the +4 battleaxe of Extermination {vamp, rElec
                  | Will+}
 43764 | Elf:3    | Identified the staff "Kusikad" {rF- Hexes Earth Alchemy}
 43778 | Elf:3    | Identified the +13 gold dragon scales "Qish" {rPois rF+ rC+
                  | Dex+3}
 43790 | Elf:3    | Identified the +4 ring mail "Mureabopt" {rElec rC+ Dex+5}
 43801 | Elf:3    | Identified the +0 plate armour of the Quiescent God {rPois
                  | rC- Str+4}
 44427 | Vaults:1 | Entered Level 1 of the Vaults
 44690 | Vaults:1 | Found Kaevec's General Store.
 44827 | Vaults:1 | Reached XP level 21. HP: 104/155 MP: 0/0
 44827 | Vaults:1 | Learned a level 8 spell: Infestation
 45438 | Vaults:1 | Reached skill level 20 in Air Magic
 46632 | Vaults:2 | Reached skill level 15 in Shields
 46728 | Vaults:2 | Found Ohiallu's Armour Boutique.
 47750 | Vaults:3 | Reached skill level 21 in Air Magic
 47860 | Vaults:3 | Reached XP level 22. HP: 79/163 MP: 0/0
 47895 | Vaults:3 | Reached skill level 15 in Dodging
 48405 | Vaults:3 | Found a staircase to the Crypt.
 48405 | Vaults:3 | Found a basalt altar of Yredelemnul.
 48574 | Vaults:3 | Noticed Jory
 48591 | Vaults:3 | Killed Jory
 49184 | Vaults:4 | Reached skill level 22 in Air Magic
 49738 | Vaults:4 | Identified the ring of Altruism {rC+ Will+ Slay+4 Stlth+}
 50127 | Vaults:5 | Entered Level 5 of the Vaults
 50137 | Vaults:5 | Reached XP level 23. HP: 170/170 MP: 0/0
 50137 | Vaults:5 | Learned a level 7 spell: Malign Gateway
 50143 | Vaults:5 | Noticed a golden dragon
 50145 | Vaults:5 | Identified the orb of Becys {*channel, Harm rC+ Int+4}
 50145 | Vaults:5 | Noticed Frederick
 50187 | Vaults:5 | HP: 6/170 [phantasmal warrior (8)]
 50355 | Vaults:5 | Killed Frederick
 50364 | Vaults:5 | HP: 1/171 [something/bolt of cold (7)]
 50365 | Vaults:5 | Mangled by a stone giant

Illustrated notes

Levels and vault maps discovered:
D:1:      eino_arrival_water_star, layout_rooms, minmay_ruptured
D:2:      layout_basic, serial_glass, glass_columns_a, glass_columns_b,
          minmay_lizard_pond
D:3:      layout_rooms, amcnicky_mini_corridor_feature
D:4:      layout_gridville, minmay_temple_entry_ruins,
          nicolae_ossuary_entry_plus, minmay_manual_monstrance
D:5:      layout_basic, serial_bayou_crossing, uniq_crazy_yiuf_cottage,
          uniq_eustachio, uniq_sigmund
D:6:      black_bear_nest_1, layout_basic, riverfiend_overflow_shadow_ancestor,
          chequers_temple_overflow_minitemple, minivault_14,
          kennysheep_opposing_triangles, uniq_grinder
D:7:      layout_loops_ring
D:8:      minmay_slanted_spiral_squares, layout_basic, pf_guarded_unrand_meek
D:9:      minmay_the_grid_net [minmay_the_grid_odd_star,
          minmay_the_grid_gridbox, minmay_the_grid_medium_cups,
          minmay_the_grid_embedded, minmay_the_grid_all_tris,
          minmay_the_grid_prize_shrinking_boxes], layout_small_grid, serial_ice,
          serial_ice_d, serial_ice_a, serial_ice_h, serial_ice_l,
          minmay_sticks_and_stones
D:10:     kennysheep_windowed_halls, layout_gridville, dreamdust_gnoll_shepherd
D:11:     layout_irregular_city, lair_entry_dummy,
          nicolae_concentric_dashed_squares_wild, uniq_josephine, uniq_maurice
D:12:     layout_small_grid, orc_0_dummy, portal_ice_cave_entry_pillars_2
D:13:     layout_loops_cross, gauntlet_entry_generic, minivault_12
D:14:     layout_long_grid, erik_vaults_2, hangedman_abyss_or_decor_stabs,
          serial_bayou, serial_bayou_lake_a, serial_bayou_lagoon_b,
          serial_bayou_pond_c, serial_bayou_lagoon_a
Temple:   nicolae_temple_panitentiary
Lair:1:   layout_hall_layers, lemuel_fruit_tree, uniq_maggie
Lair:2:   beast_lair_carwin_large_2, layout_gridlike, palyth_hydra_swamp_entry,
          nicolae_spider_entry_tight_spaces
Lair:3:   layout_roguey, uniq_amaemon
Lair:4:   layout_cave_pods, basic_altar, beast_lair_carwin_11,
          grunt_megastairs_3
Lair:5:   minmay_lair_end_frog_pond, layout_gridlike, slime_entry_1, uniq_snorg
Spider:1: layout_spider_delve
Spider:2: layout_chambers
Spider:3: layout_spider_delve, uniq_arachne
Spider:4: grunt_spider_rune_parallel, spiders_nest_hornet_nest
Orc:1:    layout_caves, nicolae_volcano_entry_s_turn, minmay_orc_temple_c
Orc:2:    st_orc_town, layout_diamond_mine, minmay_orc_treasury, uniq_rupert,
          uniq_saint_roka
Elf:1:    elf_arrival_002, layout_gridlike, serial_shops,
          nicolae_shop_overgrown_old_shop, nicolae_elf_theology_debate
Elf:2:    nicolae_elf_blades_crystal_corner, layout_onion_city, enter_trove_0,
          uniq_azrael
Elf:3:    elf_hall, layout_loops_ring
Vaults:1: nicolae_vaults_back_hallway, minmay_orc_keep, hangedman_vaults_pinch,
          nicolae_vaults_little_squares_5, nicolae_vaults_tetromino_L_1,
          nicolae_vaults_oval_intersection, layout_vaults_big_room,
          serial_shops, nicolae_square_shop
Vaults:2: v_pattern_5, v_alt_pattern_2, vaults_room_octagon, vaults_dpeg_spiral,
          vaults_room_pools, vaults_room_semicircle, nicolae_vaults_house_3,
          grunt_vaults_trifunnel, nicolae_vaults_diamond_1,
          nicolae_vaults_taking_the_gang_shopping, ontoclasm_vaults_gallery,
          nicolae_vaults_sightless_eye, layout_vaults_ring
Vaults:3: minmay_crypt_entry_necro_gods, nicolae_vaults_apartment_1,
          nicolae_vaults_diagonal_hallway_8, nicolae_vaults_trapezoid_4,
          nicolae_vaults_storage_closets_1, nicolae_vaults_prndl,
          hangedman_vaults_capsules, nicolae_vaults_little_squares_2,
          nicolae_vaults_trapezoid_2, nicolae_vaults_swerve,
          nicolae_vaults_layer_cake_slice, nicolae_vaults_double_plus_2,
          st_cells, ontoclasm_vaults_gateway, hangedman_vaults_maws, v_misc_27,
          layout_vaults_maze_bifur, uniq_jory
Vaults:4: nicolae_vaults_wrenched, nicolae_vaults_house_3, vaults_dpeg_ring,
          vaults_room_fours, v_pattern_3, v_misc_25,
          nicolae_vaults_double_plus_1, nicolae_vaults_trapezoid_lopsided_1,
          layout_vaults_omnigrid
Vaults:5: uniq_frederick

Skill      XL: |  1  2  3  4  5  6  7  8  9 10 11 12 13 14 15 16 17 18 19 20 21 22 23 |
---------------+----------------------------------------------------------------------+-----
Spellcasting   | 4 5 6 7 8 9 10 11 13 14 16 17 18 19 20 21 | 21.0
Conjurations   | 4 5 6 7 8 9 10 11 13 14 16 17 18 19 20 21 | 21.0
Hexes          | 4 5 6 7 8 9 10 11 13 14 16 17 18 19 20 21 | 21.0
Summonings     | 4 5 6 7 8 9 10 11 13 14 16 17 18 19 20 21 | 21.0
Necromancy     | 4 5 6 7 8 9 10 11 13 14 16 17 18 19 20 21 | 21.0
Translocations | 4 5 6 7 8 9 10 11 13 14 16 17 18 19 20 21 | 21.0
Fire Magic     | 4 5 6 7 8 9 10 11 13 14 16 17 18 19 20 21 | 21.0
Ice Magic      | 4 5 6 7 8 9 10 11 13 14 16 17 18 19 20 21 | 21.0
Air Magic      | 4 5 6 7 8 9 10 11 13 14 16 17 18 19 21 22 | 22.5
Earth Magic    | 4 5 6 7 8 9 10 11 13 14 16 17 18 19 20 21 | 21.0
Alchemy        | 4 5 6 7 8 9 10 11 13 14 16 17 18 19 20 21 | 21.0
Fighting       | 1 3 4 6 7 9 11 12 13 14 15 16 | 16.7
Armour         | 1 3 4 6 7 9 11 | 11.3
Shields        | 1 3 4 6 7 8 10 11 13 14 15 16 | 16.4
Dodging        | 4 5 7 8 9 11 12 13 14 15 16 | 16.1
Stealth        | 2 3 4 5 |  5.9

Action                     |  1- 3 |  4- 6 |  7- 9 | 10-12 | 13-15 | 16-18 | 19-21 | 22-24 || total
---------------------------+-------+-------+-------+-------+-------+-------+-------+-------++-------
  Melee: Staff             |       |       |     2 |     4 |       |    15 |    14 |     6 ||    41
         Hand axe          |       |       |       |     1 |     3 |       |       |       ||     4
   Cast: Magic Dart        |    56 |    91 |   165 |   218 |   412 |   644 |   456 |   110 ||  2152
         Fulminant Prism   |       |     5 |     9 |    22 |    59 |    71 |    16 |    12 ||   194
         Iskenderun's Myst |       |     1 |    79 |   178 |   434 |   669 |   707 |   299 ||  2367
         Mercury Vapours   |       |       |       |       |     1 |       |       |       ||     1
         Infestation       |       |       |       |       |       |       |     4 |     5 ||     9
         Malign Gateway    |       |       |       |       |       |       |       |     1 ||     1
  Evoke: Wand              |       |       |       |       |       |     1 |       |       ||     1
    Use: Potion            |       |       |     4 |       |       |       |     2 |    10 ||    16
         Scroll            |       |       |       |    18 |     8 |     4 |     1 |     2 ||    33
 Armour: Robe              |     4 |     8 |    40 |    42 |       |       |       |       ||    94
         Steam dragon scal |       |       |       |     1 |   108 |   156 |    16 |       ||   281
         Ice dragon scales |       |       |       |       |       |       |   112 |       ||   112
         Ring mail         |       |       |       |       |       |       |    83 |    86 ||   169
  Dodge: Dodged            |     3 |     8 |    44 |    52 |    75 |   110 |   101 |    52 ||   445
  Block: Buckler           |       |       |     8 |    10 |    37 |    13 |       |       ||    68
         Tower shield      |       |       |       |       |       |   126 |   283 |   104 ||   513

Table legend: (Time is in decaauts)
 A = Elapsed time spent in this place.
 B = Non-inter-level travel time spent in this place.
 C = Inter-level travel time spent in this place.
 D = Time resting spent in this place.
 E = Time spent auto-exploring this place.
 F = Levels seen in this place.
 G = Mean time per level.
                   A        B        C        D        E       F      G
               +--------+--------+--------+--------+--------+-----+--------+
         Total |  51087 |  49514 |   1573 |      0 |  38026 |  38 | 1344.4 |
       Dungeon |  18360 |  17660 |    700 |      0 |  13943 |  14 | 1311.4 |
        Temple |     94 |     76 |     18 |      0 |      0 |   1 |   94.0 |
          Lair |   6939 |   6596 |    343 |      0 |   5471 |   5 | 1387.8 |
   Spider Nest |   6405 |   6258 |    147 |      0 |   5023 |   4 | 1601.2 |
  Orcish Mines |   3799 |   3703 |     96 |      0 |   2561 |   2 | 1899.5 |
   Elven Halls |   6488 |   6319 |    169 |      0 |   4974 |   3 | 2162.7 |
        Vaults |   6257 |   6161 |     96 |      0 |   4410 |   5 | 1251.4 |
       Ossuary |   1025 |   1025 |      0 |      0 |    716 |   1 | 1025.0 |
      Ice Cave |    697 |    697 |      0 |      0 |    439 |   1 |  697.0 |
       Volcano |    607 |    607 |      0 |      0 |    383 |   1 |  607.0 |
      Gauntlet |    411 |    411 |      0 |      0 |    104 |   1 |  411.0 |
               +--------+--------+--------+--------+--------+-----+--------+

Top non-repeatable levels by time:
   Orc:2: 2745 daAuts
   Elf:2: 2616 daAuts
     D:8: 2295 daAuts
    D:14: 2284 daAuts
     D:9: 2143 daAuts
Spider:4: 2111 daAuts
   Elf:1: 1959 daAuts
     D:6: 1922 daAuts
   Elf:3: 1912 daAuts
Vaults:1: 1841 daAuts
  Lair:2: 1828 daAuts
    D:10: 1826 daAuts
Spider:1: 1662 daAuts
Spider:2: 1584 daAuts
  Lair:5: 1535 daAuts
